 Dungeon Crawl Stone Soup version 0.30-a0-830-gfe289a77b0 (webtiles) character file.

Game seed: 16876357292988248722

87619 Nacht the Destroyer (level 15, -1/149 HPs)
             Began as a Demonspawn Earth Elementalist on Feb 28, 2023.
             Was a High Priest of Vehumet.
             Killed from afar by a deep elf zephyrmancer (22 damage)
             ... with a bolt of lightning
             ... on level 1 of the Orcish Mines.
             The game lasted 00:35:32 (31506 turns).

Nacht the Destroyer (DsEE)                         Turns: 31506, Time: 00:35:33

Health: -1/149     AC:  7    Str:  8    XL:     15   Next: 44%
Magic:  37/40      EV: 18    Int: 29    God:    Vehumet [*****.]
Gold:   2094       SH:  0    Dex: 19    Spells: 27/38 levels left

rFire   + + .      SeeInvis +    n - staff of earth
rCold   . . .      Faith    .    (no shield)
rNeg    . . .      Spirit   .    N - +2 robe {Archmagi}
rPois   .          Reflect  .    (helmet unavailable)
rElec   .          Harm     .    (no cloak)
rCorr   +          Rampage  .    f - +0 pair of gloves
Will    +....      Archmagi +    E - +1 pair of boots of Summer {rF++ rCorr}
Stlth   ++++                     S - amulet of regeneration
HPRegen 1.24/turn                o - +6 ring of intelligence
MPRegen 0.27/turn                Q - ring of magical power

@: no status effects
A: antennae 3, thin skeletal structure 2, robust 3, spiny 1, condensation shield
a: Renounce Religion


You were on level 1 of the Orcish Mines.
You worshipped Vehumet.
Vehumet was extremely pleased with you.
You visited 4 branches of the dungeon, and saw 22 of its levels.

You collected 2690 gold pieces.
You spent 596 gold pieces at shops.

Inventory:

Hand Weapons
 H - a +2 dagger of freezing
Missiles
 B - 32 poisoned darts (quivered)
 C - 3 silver javelins
 T - 9 curare-tipped darts
Armour
 f - a +0 pair of gloves (worn)
 E - the +1 pair of boots of Summer (worn) {rF++ rCorr}
   (You found it on level 5 of the Dungeon)

   rF:        It greatly protects you from fire.
   rCorr:     It protects you from acid and corrosion.
 N - a +2 robe of the Archmagi (worn)
Magical Staves
 n - a staff of earth (weapon)
 u - a staff of fire
Jewellery
 i - a ring of willpower
 o - a +6 ring of intelligence (left hand)
 t - a ring of poison resistance
 G - a ring of protection from cold
 M - a ring of wizardry
 O - a ring of flight
 Q - a ring of magical power (right hand)
 S - an amulet of regeneration (around neck)
 U - a ring of resist corrosion
 W - a ring of protection from fire
 Y - a ring of positive energy
Wands
 r - a wand of charming (18)
 D - a wand of iceblast (15)
 I - a wand of mindburst (19)
 X - a wand of flame (37)
Scrolls
 j - a scroll of fear
 k - a scroll of silence
 l - 2 scrolls of amnesia
 m - 5 scrolls of fog
 q - 7 scrolls of teleportation
 v - 2 scrolls of blinking
 y - 2 scrolls of brand weapon
 z - 2 scrolls of enchant weapon
 A - 6 scrolls of vulnerability
 J - 3 scrolls of poison
 L - 3 scrolls of magic mapping
 R - 2 scrolls of enchant armour
 V - 2 scrolls of immolation
Potions
 b - a potion of cancellation
 c - 5 potions of flight
 d - 2 potions of berserk rage
 e - 2 potions of heal wounds
 g - 2 potions of attraction
 h - 9 potions of mutation
 p - 4 potions of lignification
 s - 2 potions of haste
 w - a potion of might
 x - 2 potions of invisibility
 K - 7 potions of curing


   Skills:
 - Level 10.0 Fighting
 - Level 10.0 Dodging
 - Level 1.7 Stealth
 - Level 12.0 Spellcasting
 - Level 12.0 Conjurations
 - Level 0.8 Transmutations
 * Level 10.8 Fire Magic
 - Level 12.0 Earth Magic


You had 27 spell levels left.
You knew the following spells:

 Your Spells              Type           Power      Damage    Failure   Level
a - Iron Shot             Conj/Erth      57%        9d11      1%          6
b - Stone Arrow           Conj/Erth      100%       3d13      1%          3
w - Passwall              Tmut/Erth      74%        N/A       1%          2

Your spell library contained the following spells:

 Spells                   Type           Power      Damage    Failure   Level
 Ozocubu's Refrigeration  Ice            13%        4d10      99%         7
 Sandblast                Erth           100%       2d20      0%          1
 Dazzling Flash           Conj/Hex       100%       N/A       1%          3
 Kindle Blastsparks       Fire/Tloc/Air  100%       2d18      1%          3
 Fulminant Prism          Conj/Hex       33%        3d15      1%          4
 Iskenderun's Mystic Bla  Conj/Tloc      67%        2d14      1%          4
 Lee's Rapid Deconstruct  Erth           57%        3d26*     1%          5
 Beastly Appendage        Tmut           66%        N/A       2%          1
 Animate Armour           Summ/Erth      100%       N/A       2%          4
 Leda's Liquefaction      Hex/Erth       43%        N/A       2%          4
 Petrify                  Tmut/Erth      89%        N/A       2%          4
 Necrotise                Necr           100%       1d9       3%          1
 Slow                     Hex            100%       N/A       3%          1
 Summon Small Mammal      Summ           100%       N/A       3%          1
 Wereblood                Tmut           33%        N/A       3%          2
 Cigotuvi's Dreadful Rot  Necr/Pois/Air  52%        N/A       4%          2
 Borgnjor's Vile Clutch   Necr/Erth      43%        N/A       7%          5
 Spider Form              Tmut/Pois      29%        N/A       8%          3
 Call Canine Familiar     Summ           26%        N/A       9%          3
 Confusing Touch          Hex            26%        N/A       9%          3
 Ozocubu's Armour         Ice            26%        N/A       9%          3
 Portal Projectile        Hex/Tloc       52%        N/A       9%          3
 Summon Guardian Golem    Hex/Summ       26%        N/A       9%          3
 Vampiric Draining        Necr           26%        2d7       9%          3
 Dispel Undead            Necr           26%        3d13      30%         4
 Blade Hands              Tmut           16%        N/A       52%         5
 Alistair's Intoxication  Tmut/Pois      19%        N/A       56%         5
 Agony                    Necr           26%        N/A       63%         5
 Metabolic Englaciation   Hex/Ice        13%        N/A       63%         5
 Silence                  Hex/Air        13%        N/A       63%         5
 Eringya's Noxious Bog    Tmut/Pois      14%        N/A       65%         6
 Death Channel            Necr           13%        N/A       99%         6
 Simulacrum               Ice/Necr       13%        N/A       99%         6


Dungeon Overview and Level Annotations

Branches:
Dungeon (15/15)            Temple (1/1) D:5            Lair (5/5) D:9
 Shoals (0/4) Lair:3        Snake (0/4) Lair:3        Slime (0/5) Lair:5
    Orc (1/2) D:12         Vaults (0/5) D:13         Depths (0/4) D:15

Altars:
Ashenzari
Cheibriados
Dithmenos
Fedhas
Gozag
Hepliaklqana
Kikubaaqudgha
Makhleb
Nemelex Xobeh
Okawaru
Qazlal
Ru
Sif Muna
Trog
Uskayaw
Vehumet
Wu Jian
Xom
Yredelemnul
Jiyva

Shops:
D:5 ?[**   D:6 :(*   D:10 !   D:12 (

Annotations:
D:3 3 runed translucent doors, DiggyJ's ghost, amateur TrFi
Temple 4 transporters


Innate Abilities, Weirdness & Mutations

You have a pair of large antennae on your head. (SInv)
You have a moderately thin skeletal structure. (Dex +4, Stealth++)
You are extremely robust. (+30% HP)
You are partially covered in sharp spines.
A meltable shield of frost defends you. (SH +0)


Message History

The orc warlord is severely wounded.
The fiery explosion engulfs the warg!!
Vehumet accepts your kill.
The warg explodes!
The orc explodes! x2
The fiery explosion engulfs the orc warlord!
Flame seeps out of the orc warlord.
The orc warlord is almost dead.
The orc explodes!
The fiery explosion engulfs you! You resist.
* * * LOW HITPOINT WARNING * * *
You are engulfed in blazing flames.
You resist.
* * * LOW HITPOINT WARNING * * *
You hear a shout! x7
The orc wizard gestures at you while chanting.
You resist with almost no effort.
The orc warlord is engulfed in blazing flames.
Flame seeps out of the orc warlord.
The orc warlord is struck by your spines.
Flame seeps out of the orc warlord.
The orc warlord completely misses you.
Casting: Stone Arrow (safe; 1% risk of failure)
Confirm with . or Enter, or press ? or * to list all spells.
Aiming: Iron Shot (mildly dangerous; 1% risk of failure)
Press: ? - help, Shift-Dir - straight line, f - orc warlord
Aim: an orc warlord, wielding a +0 halberd and wearing a +0 chain mail (flame, almost dead, inner flame, strong, 85% to hit)
You feel a strong surge of power!
The iron shot hits the orc warlord!!!
Vehumet accepts your kill.
You feel your power returning.
The orc warlord explodes!
The fiery explosion engulfs you! You resist.
* * * LOW HITPOINT WARNING * * *
You are engulfed in blazing flames.
You resist.
* * * LOW HITPOINT WARNING * * *
You hear a shout!
A deep elf zephyrmancer comes into view.
It is wielding a +0 rapier.
You feel much better.
You are engulfed in blazing flames.
You resist.
* * * LOW HITPOINT WARNING * * *
An orc wizard comes into view. It is wielding a +0 dagger.
The deep elf zephyrmancer casts a spell at you.
The bolt of lightning hits you!!
You die...

......e.######.
o......... ....
...............
......... .....
.....§§§§o$....
.....§§§#§§....
....§§°[§§§§...
o...§§)@)§§§...
....§°)§§§§§...
.....§§§§§§§...
......§§§§.....
.......o...#...
....#....... ..
....##....... .
... .........


You could see a deep elf zephyrmancer, an orc sorcerer and 3 orc wizards.

Vanquished Creatures
  Jorgrun (D:14)
  Rupert (Lair:4)
  Agnes (D:15)
  An orc warlord (Orc:1)
  A stone giant (D:15)
  Nessos (D:12)
  2 fire dragons
  2 catoblepae
  4 rakshasas (D:13)
  2 vault guards (D:13)
  2 boulder beetles
  3 hydras
  2 centaur warriors (D:13)
  4 two-headed ogres
  10 death yaks
  A tengu warrior (D:15)
  Sonja (Lair:4)
  Urug (D:13)
  2 skysharks
  Amaemon (Lair:1)
  A fire crab (Lair:5)
  2 skeletal warriors
  A deep troll (D:15)
  2 orc knights
  Pikel (D:4)
  2 necromancers
  12 ugly things
  3 orc sorcerers
  4 cyclopes
  2 manticores
  16 elephants
  2 centaur zombies (D:14)
  Maurice (D:13)
  3 molten gargoyles (Lair:5)
  An orange demon (Lair:1)
  5 black mambas
  8 cane toads
  A torpor snail (Lair:5)
  3 yaktaurs
  A rime drake (Lair:3)
  An efreet (D:13)
  A rime drake (shapeshifter) (D:15)
  12 komodo dragons
  2 tengu conjurers
  5 trolls
  3 meliai (D:13)
  7 polar bears
  A hornet (D:8)
  Sigmund (D:2)
  4 shadows
  2 wraiths
  10 slime creatures
  54 yaks
  2 vampires (D:13)
  10 wyverns
  7 vampire mosquitoes
  3 steam dragons
  19 humans (D:13)
  6 basilisks
  2 wargs (Orc:1)
  3 hell hounds (Lair:5)
  3 acid dragons
  16 water moccasins
  10 orc warriors
  An ice beast (D:8)
  A hornet zombie (D:14)
  A sky beast (D:7)
  The ghost of sircluck the Covert, an amateur GnDe (D:6)
  6 black bears
  6 wolves (Lair:1)
  2 ogres (D:5)
  3 lemures (D:4)
  12 centaurs
  3 phantoms
  3 kobold brigands
  3 elf zombies (D:7)
  3 necrophages
  9 bullfrogs
  A gnoll sergeant (D:10)
  5 scorpions
  2 elf skeletons (D:7)
  17 wights
  8 killer bees
  6 electric eels
  3 howler monkeys
  5 lava snakes (Lair:5)
  6 hounds
  2 human zombies (D:7)
  2 jellies (D:7)
  9 orc priests
  3 human skeletons (D:7)
  2 iguanas
  Terence (D:2)
  A boggart zombie (D:14)
  Natasha (thrice) (D:3)
  9 orc wizards
  Robin (D:3)
  10 gnolls
  7 adders
  A shadow imp (D:5)
  4 white imps
  2 ufetubi
  2 worms (D:2)
  5 dart slugs
  50 orcs
  4 ball pythons
  11 bats
  11 endoplasms
  2 giant cockroaches
  13 hobgoblins
  3 quokkas
  3 frilled lizards (D:1)
  16 goblins
  20 kobolds
  An orc skeleton (D:7)
  4 rats
607 creatures vanquished.

Vanquished Creatures (others)
  An unseen horror (D:12)
  An orc (D:7)
  31 fungi
  75 plants
108 creatures vanquished.

Grand Total: 715 creatures vanquished

Notes
Turn   | Place    | Note
-------+----------+-------------------------------------------
     0 | D:1      | Nacht the Demonspawn Earth Elementalist began the quest for
                  | the Orb.
     0 | D:1      | Reached XP level 1. HP: 13/13 MP: 3/3
   180 | D:1      | Gained mutation: You have a pair of small antennae on your
                  | head. [demonic ancestry]
   180 | D:1      | Reached XP level 2. HP: 15/19 MP: 1/5
   562 | D:1      | Found a faded altar of an unknown god.
   843 | D:2      | Gained mutation: You have a pair of antennae on your head.
                  | [demonic ancestry]
   843 | D:2      | Reached XP level 3. HP: 20/24 MP: 1/6
  1244 | D:2      | Noticed Terence
  1349 | D:3      | Noticed Natasha
  1352 | D:3      | Killed Natasha
  1353 | D:3      | Gained mutation: You have a somewhat thin skeletal
                  | structure. (Dex +2, Stealth+) [demonic ancestry]
  1353 | D:3      | Reached XP level 4. HP: 22/30 MP: 3/7
  1399 | D:3      | Noticed Natasha
  1407 | D:3      | Killed Natasha
  1409 | D:3      | Noticed Robin
  1495 | D:4      | Noticed a black bear
  1501 | D:4      | Killed a black bear
  1502 | D:4      | Reached skill level 5 in Earth Magic
  1502 | D:4      | Gained mutation: You are partially covered in sharp spines.
                  | [demonic ancestry]
  1502 | D:4      | Reached XP level 5. HP: 28/35 MP: 4/8
  1758 | D:4      | Noticed Pikel
  1758 | D:4      | Noticed a lemure
  1758 | D:4      | Noticed a lemure
  1758 | D:4      | Noticed a lemure
  1758 | D:4      | Noticed a lemure
  1827 | D:3      | Killed Robin
  1832 | D:3      | Learned a level 3 spell: Stone Arrow
  1835 | D:3      | Learned a level 2 spell: Passwall
  1995 | D:3      | Noticed Natasha
  1997 | D:3      | Killed Natasha
  2024 | D:3      | Found a runed translucent gate.
  2024 | D:3      | Found a runed translucent gate.
  2024 | D:3      | Found an opulent altar of Gozag.
  2027 | D:3      | Found a runed translucent gate.
  2028 | D:3      | Noticed DiggyJ's ghost (amateur TrFi)
  2103 | D:3      | Identified the +1 ring mail of Impressiveness {rElec rN++
                  | Regen+ Slay-5}
  2142 | D:3      | Reached XP level 6. HP: 41/41 MP: 7/9
  2612 | D:2      | Reached skill level 1 in Conjurations
  2888 | D:2      | Killed Terence
  3154 | D:2      | Noticed Sigmund
  3158 | D:2      | Killed Sigmund
  3690 | D:4      | Found a shadowy altar of Dithmenos.
  3801 | D:4      | Killed Pikel
  3802 | D:4      | Gained mutation: You have a pair of large antennae on your
                  | head. (SInv) [demonic ancestry]
  3802 | D:4      | Reached XP level 7. HP: 28/46 MP: 5/12
  3972 | D:4      | Gained mutation: A meltable shield of frost defends you.
                  | (SH +0) [demonic ancestry]
  3972 | D:4      | Reached XP level 8. HP: 52/52 MP: 9/13
  4104 | D:4      | Found a hazy altar of Hepliaklqana.
  4374 | D:4      | You fall into a shaft and drop 2 floors!
  4414 | D:5      | Entered Level 5 of the Dungeon
  4419 | D:5      | Reached skill level 5 in Conjurations
  4682 | D:5      | Found a staircase to the Ecumenical Temple.
  4705 | D:5      | Identified the +1 pair of boots of Summer {rF++ rCorr}
  4747 | Temple   | Entered the Ecumenical Temple
  4747 | Temple   | Found a transporter.
  4747 | Temple   | Found a transporter.
  4749 | Temple   | Found a transporter.
  4749 | Temple   | Found a transporter.
  4771 | Temple   | Became a worshipper of Vehumet
  4977 | D:5      | Found Tisizauri's General Store.
  4978 | D:5      | Found Karouwah's Antique Armour Emporium.
  5188 | D:5      | Found Weiro's Magic Scroll Emporium.
  5306 | D:5      | Found Wiocomm's Assorted Antiques.
  5887 | D:6      | Found Hurur's Book Boutique.
  5919 | D:6      | Reached * piety under Vehumet
  5919 | D:6      | Offered knowledge of Shock by Vehumet.
  5945 | D:6      | Reached skill level 5 in Spellcasting
  5981 | D:6      | Reached XP level 9. HP: 45/57 MP: 13/16
  6065 | D:6      | Found a runed translucent door.
  6806 | D:6      | Found Pojik's General Store.
  6876 | D:6      | Found Fyekyiv's Antique Weapon Shop.
  7106 | D:6      | Noticed sircluck's ghost (amateur GnDe)
  7115 | D:6      | Killed sircluck's ghost
  7460 | D:7      | Reached ** piety under Vehumet
  7460 | D:7      | Offered knowledge of Kiss of Death by Vehumet.
  8196 | D:7      | Reached XP level 10. HP: 63/63 MP: 18/20
  8267 | D:7      | Offered knowledge of Static Discharge by Vehumet.
  8484 | D:8      | Reached *** piety under Vehumet
  9699 | D:9      | Offered knowledge of Fulminant Prism by Vehumet.
  9786 | D:9      | Reached skill level 10 in Conjurations
  9810 | D:9      | Reached skill level 10 in Earth Magic
  9815 | D:9      | Found a staircase to the Lair.
 10065 | D:9      | Gained mutation: You are robust. (+10% HP) [demonic
                  | ancestry]
 10065 | D:9      | Reached XP level 11. HP: 63/74 MP: 23/23
 10218 | D:9      | Noticed a two-headed ogre
 10222 | D:9      | Reached **** piety under Vehumet
 10228 | D:9      | Killed a two-headed ogre
 10229 | D:9      | Offered knowledge of Yara's Violent Unravelling by Vehumet.
 10450 | D:9      | Noticed a two-headed ogre
 10457 | D:9      | Killed a two-headed ogre
 10936 | D:10     | Entered Level 10 of the Dungeon
 11010 | D:10     | Found Kyleaqok's Distillery.
 12178 | D:10     | Noticed a two-headed ogre
 12182 | D:10     | Killed a two-headed ogre
 12370 | D:10     | Reached ***** piety under Vehumet
 12370 | D:10     | Offered knowledge of Iskenderun's Mystic Blast by Vehumet.
 12656 | D:10     | Noticed a two-headed ogre
 12663 | D:10     | Killed a two-headed ogre
 13542 | D:11     | Gained mutation: You have a moderately thin skeletal
                  | structure. (Dex +4, Stealth++) [demonic ancestry]
 13542 | D:11     | Reached XP level 12. HP: 81/81 MP: 25/25
 13698 | D:11     | Reached skill level 10 in Spellcasting
 14307 | D:6      | Bought a book of Iron for 540 gold pieces
 14314 | D:6      | Learned a level 6 spell: Iron Shot
 14395 | Lair:1   | Entered Level 1 of the Lair of Beasts
 14413 | Lair:1   | Noticed Amaemon
 14417 | Lair:1   | Killed Amaemon
 14837 | Lair:1   | Found a dark tunnel.
 16090 | Lair:2   | Reached skill level 1 in Fighting
 16386 | Lair:3   | Noticed a death yak
 16386 | Lair:3   | Noticed a death yak
 16386 | Lair:3   | Noticed a death yak
 16387 | Lair:3   | Noticed a death yak
 16388 | Lair:3   | Noticed a death yak
 16389 | Lair:3   | Noticed a death yak
 16391 | Lair:2   | Killed a death yak
 16923 | Lair:3   | Killed a death yak
 17030 | Lair:3   | Offered knowledge of Orb of Destruction by Vehumet.
 17041 | Lair:3   | Killed a death yak
 17194 | Lair:3   | Gained mutation: You are very robust. (+20% HP) [demonic
                  | ancestry]
 17194 | Lair:3   | Reached XP level 13. HP: 91/105 MP: 27/29
 17210 | Lair:3   | Found a staircase to the Shoals.
 17645 | Lair:3   | Found a staircase to the Snake Pit.
 17994 | Lair:3   | Reached skill level 5 in Fighting
 17994 | Lair:3   | Reached skill level 5 in Dodging
 18330 | Lair:3   | Identified a scroll of acquirement
 18330 | Lair:3   | Acquired 909 gold pieces
 18494 | Lair:4   | Noticed Rupert
 18660 | Lair:4   | Paralysed by Rupert for 2 turns
 18669 | Lair:4   | Killed Rupert
 18861 | Lair:4   | Noticed Sonja
 19260 | Lair:4   | Killed Sonja
 19768 | Lair:5   | Entered Level 5 of the Lair of Beasts
 19790 | Lair:5   | Found a staircase to the Slime Pits.
 19790 | Lair:5   | Found a viscous altar of Jiyva.
 21054 | Lair:5   | Reached XP level 14. HP: 127/127 MP: 21/30
 21780 | Lair:5   | Found a large runed translucent door.
 21781 | Lair:5   | Found a large runed translucent door.
 23082 | D:12     | Found a staircase to the Orcish Mines.
 23200 | D:12     | Found Mytt's Weapon Emporium.
 23560 | D:12     | Reached skill level 1 in Fire Magic
 23688 | D:12     | Noticed Nessos
 23691 | D:12     | Killed Nessos
 24501 | D:13     | Reached skill level 10 in Fighting
 24658 | D:13     | Offered knowledge of Ozocubu's Refrigeration by Vehumet.
 24901 | D:13     | Noticed Urug
 24971 | D:13     | Killed Urug
 25661 | D:13     | Reached skill level 5 in Fire Magic
 25902 | D:13     | Reached skill level 10 in Dodging
 26392 | D:13     | Found a gate to the Vaults.
 26631 | D:13     | Noticed Maurice
 26635 | D:13     | Killed Maurice
 27422 | D:13     | Found a gate to the Vaults.
 27673 | D:14     | Noticed Jorgrun
 27676 | D:14     | Killed Jorgrun
 27946 | D:14     | Gained mutation: You are extremely robust. (+30% HP)
                  | [demonic ancestry]
 27946 | D:14     | Reached XP level 15. HP: 130/149 MP: 25/31
 28778 | D:15     | Entered Level 15 of the Dungeon
 29247 | D:15     | Found a staircase to the Depths.
 29772 | D:15     | Noticed Agnes
 29775 | D:15     | Killed Agnes
 29776 | D:15     | Reached skill level 10 in Fire Magic
 30275 | D:15     | Found a staircase to the Depths.
 30962 | Orc:1    | Entered Level 1 of the Orcish Mines
 31260 | D:5      | Bought a scroll of immolation for 56 gold pieces
 31505 | Orc:1    | HP: 3/149 [cloud of flame (6)]
 31506 | Orc:1    | Killed from afar by a deep elf zephyrmancer

Illustrated notes

Levels and vault maps discovered:
D:1:      minmay_arrival_doors, layout_rooms, shapermc_ecumenical_altar_venn
D:2:      layout_basic, minmay_misc_feat_ornament, dk_noncrumbling_3,
          uniq_terence, uniq_sigmund
D:3:      layout_loops_ring, ebering_ghost_gozag, uniq_robin, uniq_natasha
D:4:      kennysheep_the_goblin_king, layout_basic,
          lemuel_coloured_pillars_altar, mainiacjoe_overflow_two_lobes,
          uniq_pikel
D:5:      layout_cave_pools, minmay_temple_entry_arrows, serial_shops, shop,
          nicolae_shop_behind_doors, nicolae_take_the_stairs,
          nicolae_shop_statue_plus
D:6:      layout_layer_cave, serial_shops, nicolae_shop_crystal,
          nicolae_shop_window_shopping, nicolae_shop_behind_doors,
          ebering_ghost_reflecting_pool
D:7:      layout_basic, nicolae_ossuary_entry_catacombs, grunt_ministairs_13,
          palyth_stone_intersect
D:8:      layout_basic, chequers_serial_rivers_micro_e
D:9:      layout_roguey, minmay_lair_entry_grove
D:10:     layout_basic, minmay_shop_grid_forest
D:11:     layout_roguey
D:12:     layout_loops_ring, orc_david_3, david_defended_altar_orc, uniq_nessos
D:13:     layout_cave_pools, grunt_vaults_entry_tiered, kennysheep_diamond,
          nicolae_burly_brawl, uniq_maurice, uniq_urug
D:14:     layout_cave_pools, serial_undead, serial_undead_b, serial_undead_c,
          serial_undead_a, serial_undead_b, columned_hall_lemuel, uniq_jorgrun
D:15:     hangedman_depths_entry_civil_slaughter, layout_long_grid, uniq_agnes
Temple:   hellmonk_temple_divided_pantheon
Lair:1:   layout_roguey, enter_volcano_1, roderic_batcave, uniq_amaemon
Lair:2:   layout_chaotic_city, dreamdust_deal_with_the_devil,
          beast_lair_carwin_5
Lair:3:   layout_regular_city, minmay_shoals_entry_centaurs,
          minmay_snake_entry_six_corridors, gammafunk_lair_bear_cave
Lair:4:   layout_cave_shapes, nicolae_lair_yak_garden, serial_bayou_shore_a,
          grunt_megastairs_3, uniq_rupert, uniq_sonja
Lair:5:   cheibrodos_lair_end_hotspot, layout_regular_city, slime_entry_1,
          gauntlet_entry_generic
Orc:1:    layout_caves, basic_altar, serial_shops, nicolae_shop_waterfront,
          elves_outpost_lemuel

Skill      XL: |  1  2  3  4  5  6  7  8  9 10 11 12 13 14 15 |
---------------+----------------------------------------------+-----
Earth Magic    | 3 4 5 6 7 8 10 11 12 | 12.0
Conjurations   | 4 7 8 10 11 12 | 12.0
Spellcasting   | 3 5 6 8 9 12 | 12.0
Fighting       | 3 8 10 | 10.0
Dodging        | 4 8 10 | 10.0
Fire Magic     | 7 10 | 10.8
Stealth        | |  1.7
Transmutations | |  0.8

Action                     |  1- 3 |  4- 6 |  7- 9 | 10-12 | 13-15 || total
---------------------------+-------+-------+-------+-------+-------++-------
  Melee: Unarmed           |    14 |     1 |       |       |     2 ||    17
         Punch             |       |       |     1 |       |     2 ||     3
         Dagger            |       |       |     1 |       |       ||     1
         Staff             |       |       |       |     1 |    59 ||    60
  Throw: Dart              |       |       |       |       |     5 ||     5
   Cast: Sandblast         |    55 |    70 |   123 |   298 |     6 ||   552
         Stone Arrow       |       |     6 |    34 |    99 |   168 ||   307
         Iron Shot         |       |       |       |    35 |   296 ||   331
    Use: Scroll            |     3 |       |     8 |     2 |    19 ||    32
         Potion            |       |     1 |       |       |     8 ||     9
 Armour: Robe              |    10 |     9 |    12 |       |     4 ||    35
         Leather armour    |       |       |       |    69 |    67 ||   136
         Skin              |       |       |       |       |     9 ||     9
  Dodge: Dodged            |    23 |    18 |    25 |   143 |   233 ||   442
  Block: Other             |       |       |    22 |    81 |    50 ||   153
         Reflection        |       |       |       |     5 |       ||     5

Table legend: (Time is in decaauts)
 A = Elapsed time spent in this place.
 B = Non-inter-level travel time spent in this place.
 C = Inter-level travel time spent in this place.
 D = Time resting spent in this place.
 E = Time spent auto-exploring this place.
 F = Levels seen in this place.
 G = Mean time per level.
                   A        B        C        D        E       F      G
               +--------+--------+--------+--------+--------+-----+--------+
         Total |  31859 |  29784 |   2075 |    251 |  25421 |  22 | 1448.1 |
       Dungeon |  23269 |  21585 |   1684 |      0 |  18690 |  15 | 1551.3 |
        Temple |     42 |     25 |     17 |      0 |      6 |   1 |   42.0 |
          Lair |   8538 |   8166 |    372 |    251 |   6725 |   5 | 1707.6 |
  Orcish Mines |      8 |      8 |      0 |      0 |      0 |   1 |    8.0 |
               +--------+--------+--------+--------+--------+-----+--------+

Top non-repeatable levels by time:
    D:13: 3048 daAuts
  Lair:5: 2987 daAuts
    D:10: 2491 daAuts
     D:6: 2001 daAuts
    D:12: 1980 daAuts
  Lair:3: 1896 daAuts
    D:15: 1882 daAuts
     D:2: 1592 daAuts
     D:4: 1558 daAuts
     D:9: 1469 daAuts
  Lair:2: 1438 daAuts
     D:8: 1263 daAuts
     D:7: 1216 daAuts
    D:11: 1186 daAuts
    D:14: 1173 daAuts
